 Dungeon Crawl Stone Soup version 0.21-a0-437-ge5bf024 (webtiles) character file.

1505 slep the Slasher (level 8, 0/61 HPs)
             Began as a Demonspawn Fighter on Nov 9, 2017.
             Was a Follower of Ru.
             Slain by a troll (15 damage)
             ... on level 6 of the Dungeon.
             The game lasted 00:30:10 (4314 turns).

slep the Slasher (Demonspawn Fighter)               Turns: 4314, Time: 00:30:11

Health: 0/61       AC: 16    Str: 19    XL:     8   Next: 52%
Magic:  8/8        EV: 10    Int: 10    God:    Ru [*.....]
Gold:   386        SH: 10    Dex: 14    Spells: 7/7 levels left

rFire    . . .     SeeInvis .   H - +1 flail (crush)
rCold    + . .     Gourm    .   c - +0 shield
rNeg     . . .     Faith    .   A - +5 ring mail of Joy {Str+2}
rPois    .         Spirit   .   (no helmet)
rElec    .         Reflect  .   s - +0 cloak
rCorr    .         Harm     .   e - +0 pair of gloves (curse)
MR       +....                  (no boots)
Stlth    ++........             (no amulet)
HPRegen  0.20/turn              p - ring of protection from magic
MPRegen  0.11/turn              z - ring of protection from cold

@: horrified
A: talons 1, yellow scales 2, demonic guardian 1, nightstalker 1, cowardly
a: Renounce Religion


You were on level 6 of the Dungeon.
You worshipped Ru.
Ru was aware of your devotion.
You were hungry.

You visited 1 branch of the dungeon, and saw 6 of its levels.
You also visited: Sewer.

You collected 386 gold pieces.

Inventory:

Hand Weapons
 a - a +0 long sword
 u - a +2 dagger of venom
 y - a +1 hand axe of electrocution
 H - a +1 flail of crushing (weapon)
Missiles
 G - 5 tomahawks (quivered)
Armour
 b - a +0 scale mail
 c - a +0 shield (worn)
 e - a cursed +0 pair of gloves (worn)
 s - a +0 cloak (worn)
 A - the +5 ring mail of Joy (worn) {Str+2}
   (You took it off an orc on level 4 of the Dungeon)

   It affects your strength (+2).
Jewellery
 p - a ring of protection from magic (left hand)
 w - an uncursed ring of wizardry
 z - a ring of protection from cold (right hand)
Wands
 m - a wand of iceblast (7/15)
 C - a wand of flame (23/48)
Scrolls
 g - 2 scrolls of recharging {unknown}
 h - 6 scrolls of teleportation {unknown}
 i - 5 scrolls of identify {unknown}
 k - a scroll of fear {unknown}
 l - 3 scrolls of remove curse {unknown}
 o - a scroll of magic mapping {unknown}
 r - a scroll of fog {unknown}
 t - 3 scrolls of blinking {unknown}
 x - a scroll of enchant weapon {unknown}
Potions
 d - a potion of might
 q - a potion of flight {unknown}
 D - a potion of brilliance {unknown}
 E - a potion of mutation {unknown}
 F - 2 potions of invisibility {unknown}
Comestibles
 f - 2 bread rations
 j - 3 fruits
 n - 2 royal jellies
 v - a meat ration


   Skills:
 + Level 4.9 Fighting
 + Level 6.7 Long Blades
 + Level 4.2 Armour
 + Level 2.4 Dodging
 + Level 1.4 Stealth
 + Level 5.0 Shields


You had 7 spell levels left.
You didn't know any spells.

Dungeon Overview and Level Annotations

Branches:
Dungeon (6/15)
 Temple: D:4-7

Altars:
Elyvilon
Ru
Zin

Shops:
D:4 (=

Annotations:
D:4 1 runed door


Innate Abilities, Weirdness & Mutations

You have sharp toenails.
You are mostly covered in yellow scales. (AC +3)
A weak demonic guardian rushes to your aid.
You are slightly more attuned to the shadows.
Your cowardice makes you less effective in combat with threatening monsters.


Message History

The troll barely misses you. x2; The troll claws you.
You completely miss the troll. Your kick misses the troll.
The troll is lightly wounded.
The troll bites you but does no damage. The troll claws you but does no damage.
The troll closely misses you.
You closely miss the troll. The troll bites you. The troll claws you. x2
You block the troll's attack. x3
You sock the troll! You claw the troll, but do no damage.
The troll is moderately wounded.
The troll bites you!
* * * LOW HITPOINT WARNING * * *
The troll claws you but does no damage. The troll closely misses you.
You hit the troll. You claw the troll, but do no damage.
The troll is moderately wounded.
The troll barely misses you. You block the troll's attack.
The troll claws you but does no damage.
You hit the troll but do no damage. You claw the troll, but do no damage.
The troll is moderately wounded.
The troll bites you!
You die...

#...##)######.#.##
#.. #..##.......#
#. ##.##.......# .
#.##.......#
#..#.......#
#....#.#)......#
.....#..)......#
#######.#[..#.##
....oT@5....#.#
...####.....#.#
##[...#.# #..###.#
##.###.#
#..##.#######
##.##........ .
#.##.########.
#..#.# #...


You could see a troll, an orc and a friendly quasit.

Vanquished Creatures
  Grinder (D:6)
  Edmund (D:6)
  Purgy (Sewer)
  A phantom (D:6)
  2 ogres
  The ghost of AverageBear the Cutter, an amateur DEFi (D:3)
  Blork the orc (D:5)
  A howler monkey (D:5)
  A hound (D:5)
  3 orc priests
  A centaur skeleton (D:5)
  Terence (D:2)
  3 iguanas
  5 worker ants
  7 adders
  5 gnolls
  A river rat (D:5)
  An ooze (D:3)
  2 adder zombies (D:5)
  An adder skeleton (D:4)
  3 worms
  3 dart slugs
  4 leopard geckos
  19 orcs
  A ball python (D:1)
  9 giant cockroaches
  3 goblins
  5 hobgoblins
  20 jackals
  6 bats
  7 frilled lizards
  7 kobolds
  A leopard gecko skeleton (D:5)
  14 rats
142 creatures vanquished.

Vanquished Creatures (collateral kills)
  Sigmund (D:2)
  An ice beast (D:5)
  A centaur zombie (D:5)
  A gnoll (D:5)
  A river rat (D:5)
  An ooze (D:3)
  An orc (D:6)
  A rat (D:3)
8 creatures vanquished.

Vanquished Creatures (others)
  A leopard gecko zombie (D:5)
1 creature vanquished.

Grand Total: 151 creatures vanquished

Notes
Turn   | Place    | Note
-------+----------+-------------------------------------------
     0 | D:1      | slep the Demonspawn Fighter began the quest for the Orb.
     0 | D:1      | Reached XP level 1. HP: 18/18 MP: 1/1
    45 | D:1      | Gained mutation: You are partially covered in yellow scales. (AC +2) [demonic ancestry]
    45 | D:1      | Reached XP level 2. HP: 12/24 MP: 2/2
   273 | D:1      | Reached skill level 2 in Long Blades
   451 | D:1      | Gained mutation: A weak demonic guardian rushes to your aid. [demonic ancestry]
   451 | D:1      | Reached XP level 3. HP: 26/29 MP: 3/3
   868 | D:2      | Noticed Sigmund
   882 | D:2      | Killed Sigmund
   882 | D:2      | Reached skill level 3 in Long Blades
   882 | D:2      | Gained mutation: You are mostly covered in yellow scales. (AC +3) [demonic ancestry]
   882 | D:2      | Reached XP level 4. HP: 31/36 MP: 4/4
  1028 | D:2      | Noticed Terence
  1039 | D:2      | Killed Terence
  1039 | D:2      | Reached XP level 5. HP: 42/42 MP: 5/5
  1145 | D:2      | Reached skill level 1 in Dodging
  1383 | D:2      | Found a sacrificial altar of Ru.
  1395 | D:2      | Became a worshipper of Ru the Awakened
  1529 | D:3      | Noticed AverageBear's ghost (amateur DEFi)
  1538 | D:3      | Killed AverageBear's ghost
  1556 | D:3      | Found a white marble altar of Elyvilon.
  1753 | D:3      | Reached XP level 6. HP: 48/48 MP: 6/6
  1937 | D:3      | Reached skill level 4 in Long Blades
  2417 | D:4      | Found a runed door.
  2417 | D:4      | Found a glowing silver altar of Zin.
  2417 | D:4      | Noticed an angel
  2427 | D:4      | Found Wivuorim's Weapon Boutique.
  2713 | D:4      | Gained mutation: Your cowardice makes you less effective in combat with threatening monsters. [Ru sacrifice]
  2713 | D:4      | Reached * piety under Ru
  2731 | D:4      | Gained mutation: You are slightly more attuned to the shadows. [demonic ancestry]
  2731 | D:4      | Reached XP level 7. HP: 50/54 MP: 7/7
  2880 | D:4      | Got a scorched ring mail
  2891 | D:4      | Identified the +5 ring mail of Joy {Str+2} (You took it off an orc on level 4 of the Dungeon)
  2907 | D:4      | Found Vaaz's Jewellery Boutique.
  3185 | D:5      | Entered Level 5 of the Dungeon
  3189 | D:5      | Noticed Blork the orc
  3203 | D:5      | Killed Blork the orc
  3203 | D:5      | Reached skill level 5 in Long Blades
  3537 | D:5      | Reached skill level 1 in Stealth
  3570 | D:5      | Found a glowing drain.
  3579 | Sewer    | Entered a sewer
  3582 | Sewer    | Noticed Purgy
  3590 | Sewer    | Killed Purgy
  3590 | Sewer    | Gained mutation: You have sharp toenails. [demonic ancestry]
  3590 | Sewer    | Reached XP level 8. HP: 22/61 MP: 8/8
  3875 | D:5      | Reached skill level 6 in Long Blades
  4036 | D:6      | Noticed Grinder
  4044 | D:6      | Killed Grinder
  4165 | D:6      | Noticed Edmund
  4177 | D:6      | Killed Edmund
  4295 | D:6      | Reached skill level 5 in Shields
  4306 | D:6      | Noticed a troll
  4314 | D:6      | Slain by a troll

Vault maps used:
D:1:      co_arrival_square_in_a_square_in_a_square, minmay_heptomino_h4
D:2:      first_bread, nicolae_ru_path_of_blood, uniq_sigmund, uniq_terence
D:3:      elyvilon_altar_1, serial_park_tiny_2
D:4:      serial_shops, shop, shop, lemuel_angel_altar
D:5:      portal_sewer_entry_b, uniq_blork_the_orc
D:6:      hangedman_decor_opposing, eino_tiny_chamber, kb_rosetta, uniq_edmund,
          uniq_grinder
Sewer:    kennysheep_door_sewer

Skill      XL: |  1  2  3  4  5  6  7  8 |
---------------+-------------------------+-----
Long Blades    | 2 3 4 5 6 |  6.7
Armour         | 3 4 |  4.2
Shields        | 3 4 5 |  5.0
Dodging        | 1 2 |  2.4
Fighting       | 4 |  4.9
Stealth        | 1 |  1.4

Action                   |  1- 3 |  4- 6 |  7- 9 || total
-------------------------+-------+-------+-------++-------
Melee: Long sword        |   122 |   224 |   214 ||   560
       Kick              |       |       |    33 ||    33
       Flail             |       |       |    32 ||    32
Invok: Sacrifice Courage |       |     1 |       ||     1
  Use: Potion            |     2 |       |       ||     2
 Stab: Distracted        |       |       |     2 ||     2
  Eat: Chunk             |       |     7 |     5 ||    12
Armor: Scale mail        |    76 |    88 |    19 ||   183
       Skin              |     3 |       |       ||     3
       Ring mail         |       |       |    89 ||    89
Dodge: Dodged            |    32 |    51 |    99 ||   182
Block: Shield            |    62 |   112 |   136 ||   310
       Rpst.: Long sword |    13 |    25 |    24 ||    62

Table legend:
 A = Spawn XP
 B = Non-spawn XP
 C = Spawn XP percentage of total XP
 D = Spawn monster count
 E = Non-spawn monster count
 F = Spawn count percentage of total count
 G = Total turns spent on level
                    A         B        C        D         E        F      G
               +---------+---------+-------+---------+---------+-------+---------
         Total |       0 |    2150 |   0.0 |       0 |     151 |   0.0 |  4314
               +---------+---------+-------+---------+---------+-------+---------
           D:1 |       0 |      44 |   0.0 |       0 |      25 |   0.0 |   675
           D:2 |       0 |     216 |   0.0 |       0 |      27 |   0.0 |   802
           D:3 |       0 |     329 |   0.0 |       0 |      30 |   0.0 |   927
           D:4 |       0 |     217 |   0.0 |       0 |      19 |   0.0 |   834
           D:5 |       0 |     636 |   0.0 |       0 |      29 |   0.0 |   599
           D:6 |       0 |     572 |   0.0 |       0 |      15 |   0.0 |   310
         Sewer |       0 |     136 |   0.0 |       0 |       6 |   0.0 |   167
               +---------+---------+-------+---------+---------+-------+---------
